[Event "2017 South African Open Ch"]
[Site "Durban"]
[Date "2017.07.16"]
[Round "5"]
[White "Tavagwisa, Lawrence"]
[Black "Gluckman, Paul"]
[Result "1-0"]
[ECO "B28"]
[WhiteElo "1935"]
[BlackElo "1981"]
[Annotator "NA"]
[PlyCount "87"]
[EventDate "2017.??.??"]
[EventCountry "RSA"]
[SourceTitle "playchess.com"]
[Source "ChessBase"]
[SourceQuality "1"]
[TimeControl "5400+30"]

1. e4 c5 2. Nf3 a6 3. g3 d6 4. Bg2 Nf6 5. d3 e6 6. O-O Be7 7. c3 O-O 8. Qe2 Nc6 9. Rd1 d5 10. e5 Nd7 11. d4 b5 12. Nbd2 Qb6 13. Nf1 a5 14. h4 Ba6 15. Be3 b4 16. Qd2 bxc3 17. bxc3 Rab8 18. Rac1 Rfc8 19. Bg5 cxd4 20. cxd4 Ba3 21. Rc2 Nb4 22. Rc3 Rxc3 23. Qxc3 Be2 24. Rd2 Bxf3 25. Bxf3 Nc6 26. Qxa3 Nxd4 27. Bd1 Nxe5 28. Bf4 f6 29. Qc3 Ndc6 30. Ba4 d4 31. Qb3 Qxb3 32. axb3 Nf3+ 33. Kg2 Nce5 34. Bxe5 Ne1+ 35. Kh3 fxe5 36. Kg4 Rb4 37. Rd1 Nc2 38. Nd2 Rb7 39. Rc1 Nb4 40. Rc8+ Kf7 41. Kf3 Kf6 42. Ne4+ Ke7 43. Re8+ Kf7 44. Nd6+ 1-0

[Event "2017 South African Open Ch"]
[Site "Durban"]
[Date "2017.07.16"]
[Round "5"]
[White "Wilken, Justin Barend"]
[Black "Mwale Joseph"]
[Result "0-1"]
[ECO "C48"]
[WhiteElo "1920"]
[BlackElo "2159"]
[Annotator "NA"]
[PlyCount "150"]
[EventDate "2017.??.??"]
[EventCountry "RSA"]
[SourceTitle "playchess.com"]
[Source "ChessBase"]
[SourceQuality "1"]
[TimeControl "5400+30"]

1. e4 e5 2. Nf3 Nc6 3. Nc3 Nf6 4. Bb5 Nd4 5. Nxe5 Qe7 6. Nf3 {[%emt 0:03:27] C48: Four Knights: 4 Bb5, replies other than 4...Bb4} (6. f4 Nxb5 7. Nxb5 d6 8. Nf3 Qxe4+ 9. Kf2 Ng4+ 10. Kg3 Qg6 11. Nh4 Qf6 12. h3 g5 13. Qe2+ Ne5 14. d4 gxf4+ {½-½ (21) Popov,I (2613)-Svidler,P (2730) Aix les Bains 2011}) 6... Nxb5 7. Nxb5 Qxe4+ 8. Qe2 Qxe2+ 9. Kxe2 Nd5 10. Re1 a6 11. Nbd4 d6 12. c4 Nb6 13. Kf1+ Be7 14. b3 $146 ({Predecessor:} 14. d3 c5 15. Bg5 f6 16. Bf4 Kf7 17. Nb3 {½-½ (17) Pihlajasalo,A (2190)-Molander,R Helsinki 1996}) 14... c5 15. Ne2 O-O 16. Bb2 Re8 17. Ng3 d5 18. d3 Be6 19. h3 a5 20. a4 Nd7 21. Nh5 Bf6 22. Nxf6+ Nxf6 23. Bxf6 gxf6 24. Nh4 Red8 25. Re3 Ra6 26. f4 f5 27. g4 fxg4 28. f5 Bc8 29. hxg4 Rh6 30. Rae1 Rxh4 31. Re8+ Rxe8 32. Rxe8+ Kg7 33. Rxc8 dxc4 34. bxc4 b6 35. Rc6 Rxg4 36. Rxb6 h5 37. Rb5 h4 38. f6+ Kg6 39. Rb8 Kxf6 40. Rh8 Ke5 41. Kf2 Kd4 42. Rd8+ Kc3 43. Rd5 Kb4 44. Rf5 Rd4 45. Ke3 h3 46. Rh5 Kxa4 47. Rxh3 Kb4 48. Kd2 Rg4 49. Rh2 a4 50. Rf2 Rg7 ({Don't do} 50... a3 51. Kc2 $19) 51. Rf6 Rg2+ 52. Ke3 Kc3 53. Rxf7 Rg3+ 54. Ke2 Rxd3 $19 55. Ra7 Rd2+ 56. Ke1 Ra2 57. Kd1 Ra1+ 58. Ke2 Kxc4 59. Kd2 Ra2+ 60. Kc1 Kc3 61. Kb1 Rb2+ 62. Ka1 Rb4 63. Ka2 c4 64. Rd7 Kc2 65. Ka1 c3 66. Ka2 Kc1 67. Rd5 Rh4 68. Ka1 c2 69. Rd3 Rh1 70. Rd8 Rd1 71. Re8 Kd2+ 72. Ka2 c1=Q 73. Rd8+ Ke2 74. Re8+ Qe3 75. Re7 Rd2+ 0-1

[Event "2017 South African Open Ch"]
[Site "Durban"]
[Date "2017.07.16"]
[Round "5"]
[White "Naidu, Sayen"]
[Black "Mosenya, Ndawana"]
[Result "0-1"]
[ECO "C12"]
[WhiteElo "1865"]
[BlackElo "2062"]
[Annotator "NA"]
[PlyCount "102"]
[EventDate "2017.??.??"]
[EventCountry "RSA"]
[SourceTitle "playchess.com"]
[Source "ChessBase"]
[SourceQuality "1"]
[TimeControl "5400+30"]

1. e4 e6 2. d4 d5 3. Nc3 Nf6 4. Bg5 Bb4 5. e5 h6 6. Bd2 Bxc3 7. bxc3 Ne4 8. Qg4 Kf8 9. h4 c5 10. Bd3 Nxd2 11. Kxd2 c4 12. Be2 Nc6 13. Rh3 Bd7 14. Rg3 Rg8 15. Nh3 b5 16. Nf4 Ne7 17. Nh5 Nf5 18. Rh3 b4 19. cxb4 Qb6 20. c3 a5 21. b5 Qxb5 22. Rc1 Qb2+ 23. Rc2 Qa3 24. Qf4 Ba4 25. Rc1 Rb8 26. Bd1 Qxa2+ 27. Ke1 Bxd1 28. Rxd1 Qc2 29. g4 Rb2 30. Qf3 Ne7 31. Qe3 a4 32. Rd2 Qc1+ 33. Rd1 Qc2 34. Rd2 Rb1+ 35. Ke2 Qc1 36. Ng3 Qe1+ 37. Kf3 Qxe3+ 38. fxe3 Rb3 39. Ra2 a3 40. Rh1 g5 41. h5 Kg7 42. Rha1 Ra8 43. Ne2 Ng8 44. e4 Ne7 45. Ke3 Nc6 46. Kd2 dxe4 47. Kc2 Ra5 48. Rb1 Rab5 49. Rba1 Rb2+ 50. Kd1 e3 51. Rxa3 Rd2+ 0-1

[Event "2017 South African Open Ch"]
[Site "Durban"]
[Date "2017.07.17"]
[Round "6"]
[White "Makoto, Rodwell"]
[Black "Pon, Matt"]
[Result "1/2-1/2"]
[ECO "A37"]
[WhiteElo "2372"]
[BlackElo "2163"]
[Annotator "NA"]
[PlyCount "31"]
[EventDate "2017.??.??"]
[EventCountry "RSA"]
[SourceTitle "playchess.com"]
[Source "ChessBase"]
[SourceQuality "1"]
[TimeControl "5400+30"]

1. Nf3 c5 2. c4 Nc6 3. g3 g6 4. Bg2 Bg7 5. Nc3 d6 6. O-O Nf6 7. d4 cxd4 8. Nxd4 Bd7 9. b3 O-O 10. Bb2 Qa5 11. Nd5 Nxd5 12. Bxd5 Qb6 13. e3 a5 14. Bg2 Rfe8 $11 (14... a4 $5) 15. Qd2 a4 16. Nxc6 1/2-1/2

[Event "2017 South African Open Ch"]
[Site "Durban"]
[Date "2017.07.17"]
[Round "6"]
[White "Goosen, Anton"]
[Black "Salimu, Reuben"]
[Result "0-1"]
[ECO "D00"]
[WhiteElo "2004"]
[BlackElo "1968"]
[Annotator "NA RC"]
[PlyCount "100"]
[EventDate "2017.??.??"]
[EventCountry "RSA"]
[SourceTitle "playchess.com"]
[Source "ChessBase"]
[SourceQuality "1"]
[TimeControl "5400+30"]

1. d4 d5 2. Bf4 Nf6 3. e3 c5 4. c3 Nc6 5. Nd2 {[%emt 0:00:16] D00: 1 d4 d5: Unusual lines} Qb6 6. Qb3 c4 7. Qc2 Nh5 8. Bg5 e5 (8... h6 9. Bh4 g5 10. Be2 Ng7 11. Bg3 Bf5 12. Qc1 e6 {1-0 (41) Carlsen,M (2832)-So,W (2812) Leuven 2017}) 9. Be2 Nf6 10. b3 $146 ({Predecessor:} 10. dxe5 Nxe5 11. Ngf3 Ng6 12. O-O Bc5 {1-0 (30) Pourramezanali,A (2432)-Khalafova,N (2114) Nakhchivan 2015}) 10... cxb3 11. axb3 exd4 12. exd4 Be7 13. Ngf3 Bg4 14. O-O O-O 15. Rfe1 Rac8 16. Qa2 Rfe8 17. Be3 Qc7 18. Bb5 a6 19. Bd3 Bd6 20. h3 Bh5 21. Bg5 Bg6 22. Bxg6 hxg6 23. Bxf6 gxf6 24. Nf1 Ne7 25. Rac1 Nf5 26. Rxe8+ Rxe8 27. c4 Bf4 28. Rc2 Qd7 29. c5 Re4 30. c6 bxc6 31. Qxa6 Nxd4 32. Nxd4 Rxd4 33. Rxc6 Re4 34. Rxf6 Kg7 35. Rb6 d4 36. Qd3 Re1 37. Rb4 Be5 (37... Bh2+ $5 38. Kh1 Be5 $15) 38. f4 (38. Ra4 $11) 38... Bxf4 39. Kf2 Qe7 40. Qxd4+ $2 ({White must play} 40. Rxd4 $15 Bc7 41. Ne3) 40... Be5 41. Qd2 Rb1 $19 42. Qe3 Qxb4 43. Qxe5+ Kh7 44. Ne3 Rxb3 45. Ng4 Qb6+ 46. Ke2 Rb2+ 47. Kf3 Rb3+ 48. Ke2 Qa6+ 49. Kf2 Qa7+ 50. Ke2 Qa2+ 0-1

[Event "2017 South African Open Ch"]
[Site "Durban"]
[Date "2017.07.17"]
[Round "6"]
[White "Mazibuko, Khanya"]
[Black "Govindasamy, Nashlen"]
[Result "1/2-1/2"]
[ECO "B23"]
[WhiteElo "1808"]
[BlackElo "2087"]
[Annotator "NA RC"]
[PlyCount "135"]
[EventDate "2017.??.??"]
[EventCountry "RSA"]
[SourceTitle "playchess.com"]
[Source "ChessBase"]
[SourceQuality "1"]
[TimeControl "5400+30"]

1. e4 c5 2. Nc3 e6 3. f4 Nc6 4. Nf3 d5 5. Bb5 Nge7 6. exd5 exd5 7. Qe2 f6 {[%emt 0:00:54] B23: Closed Sicilian: Lines without g3} (7... Bg4 8. O-O Qd6 9. Bxc6+ Qxc6 10. h3 Bxf3 11. Qxf3 d4 12. Ne4 f5 13. Ng5 h6 14. Qxc6+ Nxc6 15. Nf3 d3 {1-0 (41) Wang,C (2500)-Sasikiran,K (2682) Hyderabad 2015}) 8. Bxc6+ bxc6 9. b3 Kf7 10. O-O Nf5 11. Ba3 $146 ({Predecessor:} 11. d3 Bd6 12. Ne5+ Kg8 13. Nf3 Kf7 14. Ne5+ fxe5 15. fxe5 {0-1 (40) Bikuzhin,V (2241)-Petrov,N (2436) Moscow 2015}) 11... Nd4 12. Nxd4 cxd4 13. Bxf8 Rxf8 14. Na4 Bf5 15. Qh5+ Bg6 16. Qg4 Kg8 {[%emt 0:11:27] [#]} (16... Bxc2 $11 {remains equal.} 17. Nc5 Qe7) 17. f5 $1 Bf7 18. Qxd4 Re8 19. Rae1 Rxe1 20. Rxe1 Qd7 21. Qf4 Re8 22. Rxe8+ Qxe8 23. Kf2 Qe5 24. Qxe5 fxe5 25. Nc5 Be8 26. g4 g6 27. Nd3 gxf5 28. gxf5 Kg7 29. Nxe5 Kf6 30. d4 Kxf5 31. Ke3 Kg5 32. c4 dxc4 33. bxc4 Kf5 34. c5 Kf6 35. Kf4 Ke6 36. Ke4 a6 37. a3 a5 38. a4 Kf6 39. Nc4 Bg6+ 40. Ke3 Bc2 {[%emt 0:00:20] [#]} 41. Nb2 $1 Ke6 {[%emt 0:00:53] [#]} 42. Kd2 $1 Bg6 43. Nc4 Kd5 44. Kc3 h5 45. Nxa5 Bf5 46. Nc4 Ke6 47. Nb6 Bh3 48. a5 Bf1 49. Nc4 Kd7 50. Ne5+ (50. a6 $142 Kc7 51. a7 Kb7 52. Na5+ Kxa7 53. Nxc6+ Kb7 54. d5 Bb5 55. Nd4) 50... Kc7 51. Kd2 Kb7 52. Ke1 (52. Nd3 $142 Ka6 53. Nb4+ Kxa5 54. Nxc6+ Ka6 55. Ke3) 52... Bb5 53. Ng6 Bc4 54. Kf2 Ka6 55. Kg3 Kxa5 56. Nf4 $2 (56. Kf4 $18 {has better winning chances.} Bf1 57. Ke5) 56... Kb4 57. Kf3 $2 ({Don't play} 57. Nxh5 Kc3 $11) (57. Kf2 Bf7 58. Ke2) 57... Bf7 $2 (57... h4 {is a better chance.} 58. Ke4 Kb5) 58. Ke4 Kc4 59. Ke5 Be8 60. Ne6 Bf7 61. Nd8 Bd5 62. Kd6 Kxd4 63. Nxc6+ Ke4 64. Ne7 Ba8 {[%emt 0:00:30] [#]} 65. Nc6 $2 (65. c6 $1 $18 Bxc6 66. Nxc6 (66. Kxc6 Kf3 $11)) 65... Kf3 66. Nd8 Kg2 67. Ne6 Kxh2 68. Nf4 $11 1/2-1/2

[Event "2017 South African Open Ch"]
[Site "Durban"]
[Date "2017.07.17"]
[Round "6"]
[White "Southey, Andrew M"]
[Black "Oberholzer, Francois"]
[Result "0-1"]
[ECO "A08"]
[WhiteElo "1807"]
[BlackElo "2046"]
[Annotator "NA RC"]
[PlyCount "54"]
[EventDate "2017.??.??"]
[EventCountry "RSA"]
[SourceTitle "playchess.com"]
[Source "ChessBase"]
[SourceQuality "1"]
[TimeControl "5400+30"]

1. e4 c5 2. Nf3 e6 3. d3 Nc6 4. g3 d5 5. Nbd2 Nf6 6. Bg2 Be7 7. O-O O-O 8. Re1 b5 9. e5 Nd7 10. h4 f6 {[%emt 0:08:02] C00: French: Unusual White 2nd moves} (10... Bb7 11. Nf1 b4 12. N1h2 Qc7 13. Bf4 Rfc8 14. Ng4 Qd8 15. h5 h6 16. Qd2 Bf8 17. c4 bxc3 18. bxc3 {0-1 (68) Zakhartsov,V (2452)-Matlakov,M (2691) Sochi 2016}) 11. exf6 Nxf6 12. Nf1 Ng4 $146 ({Predecessor:} 12... Rb8 13. Bf4 Bd6 14. Bxd6 Qxd6 15. Qe2 h6 16. Ne5 Nxe5 17. Qxe5 Qxe5 18. Rxe5 {½-½ (32) Guillermo Gonzalez,A (1570)-Cruz Diaz,F (1619) Santa Cruz de Tenerife 2016}) 13. Bg5 h6 14. Bxe7 Qxe7 15. N1h2 e5 16. Nxe5 Ngxe5 17. f4 Qf7 18. fxe5 Qf2+ 19. Kh1 Be6 20. Nf1 {[%emt 0:04:37] [#]} Nd4 $1 21. Re3 (21. Rc1 $17) 21... Qxc2 22. Qh5 Rf2 23. Rf3 Rxg2 24. Rf6 Qe2 25. Qg6 Rf2 $19 (25... Rf8 $142 26. Rb1 Bf7 27. Re1 Qxe1 28. Qxg7+ Kxg7 29. Kxg2 Qxe5 30. Rf2 Bg6 31. Rxf8 Kxf8 32. Nh2 Qe2+ 33. Kh3 Qf2 34. b3 Ne2 35. Nf1 Ng1+ 36. Kg4 Qf5#) 26. Rc1 Nf3 27. Rxf3 Qxf3+ 0-1

[Event "2017 South African Open Ch"]
[Site "Durban"]
[Date "2017.07.17"]
[Round "6"]
[White "Essa, Naseem Ahmed"]
[Black "Bhawoodien, Shabir Hussain"]
[Result "0-1"]
[ECO "A15"]
[WhiteElo "1682"]
[BlackElo "2066"]
[Annotator "NA RC"]
[PlyCount "70"]
[EventDate "2017.??.??"]
[EventCountry "RSA"]
[SourceTitle "playchess.com"]
[Source "ChessBase"]
[SourceQuality "1"]
[TimeControl "5400+30"]

1. c4 Nf6 2. g3 g6 3. Bg2 Bg7 4. Nc3 O-O 5. e4 d6 6. Nge2 c5 7. O-O Nc6 8. a3 a5 {[%emt 0:01:42] A36: Symmetrical English vs ...g6: 4 Bg2 Bg7} 9. d3 Ne8 10. f4 Nc7 $146 ({Predecessor:} 10... Bg4 11. h3 Bxe2 12. Nxe2 Nc7 13. Rb1 Ne6 14. Kh2 Ned4 15. Nc3 Rb8 16. Be3 b5 17. cxb5 Nxb5 18. e5 Nbd4 19. Qa4 Rc8 20. exd6 exd6 21. f5 {0-1 (51) Bercys,S (2427)-Kiewra,K (2311) Mesa 2010}) 11. f5 Nd4 12. Nxd4 cxd4 13. Ne2 Bd7 14. Bg5 b5 15. cxb5 Bxb5 16. g4 d5 (16... Qd7 $11 {remains equal.}) 17. Bf4 dxe4 18. Bxc7 Qxc7 19. Bxe4 Rab8 $15 20. Nf4 Qd6 21. Qf3 Be5 22. Rab1 Ba4 23. b4 axb4 24. axb4 Bxf4 25. Qxf4 Qxf4 26. Rxf4 g5 27. Rf2 Rfc8 28. Ra2 Bb5 29. Ra7 Kf8 30. Ra3 Rc2 31. Rba1 Kg7 32. Ra8 Rxa8 33. Rxa8 Rb2 34. Kf1 Rxb4 35. Rb8 Bxd3+ 0-1

[Event "2017 South African Open Ch"]
[Site "Durban"]
[Date "2017.07.17"]
[Round "6"]
[White "Hattingh, Krishna"]
[Black "Zwakala, Ntando"]
[Result "0-1"]
[ECO "E12"]
[WhiteElo "1608"]
[BlackElo "2020"]
[Annotator "NA RC"]
[PlyCount "104"]
[EventDate "2017.??.??"]
[EventCountry "RSA"]
[SourceTitle "playchess.com"]
[Source "ChessBase"]
[SourceQuality "1"]
[TimeControl "5400+30"]

1. d4 Nf6 2. c4 e6 3. Nf3 b6 4. a3 Bb7 5. Nc3 d5 6. Bg5 Be7 7. e3 Nbd7 8. cxd5 exd5 9. Bd3 O-O 10. Rc1 c5 11. O-O h6 12. Bh4 Ne4 13. Bxe7 Qxe7 14. dxc5 {[%emt 0:01:28] E12: Queen's Indian: Unusual White 4th moves, 4 a3, 4 Nc3 Bb7 5 a3 and 4 Nc3 Bb7} Nxc3 15. Rxc3 bxc5 {[%emt 0:00:21] [#]} 16. b3 $146 ({Predecessor:} 16. Bb1 Rfd8 17. Qc2 g6 18. Qa4 Qf6 19. Qg4 h5 20. Qg3 d4 21. exd4 cxd4 {½-½ (64) Indjic,A (2542)-Li,R (2486) Dallas 2016}) 16... Qf6 17. Rc1 Rac8 18. Qe2 Rfe8 19. Rc2 Nb6 20. Nd2 d4 21. Qg4 dxe3 22. fxe3 Qe5 23. Re1 Rcd8 24. Bb5 Re6 25. Nf3 Qd6 26. Nh4 Re4 27. Qg3 Qe6 28. Qc7 (28. Rf2 $5 Qe5 29. Qxe5 Rxe5 30. Nf3 $11) 28... Rc8 29. Qxb7 Rxh4 30. Bc4 (30. Rf2 $11) 30... Nxc4 31. Rxc4 Rxc4 32. bxc4 Rd8 33. Qc7 Rd2 34. Qxc5 $15 Qe4 35. Qc8+ Kh7 36. Qh3 Qxc4 37. Qf5+ g6 38. Qf6 Qa2 39. Qf3 Rd3 40. Re2 Qe6 41. Rf2 Kg7 42. Qe2 Rxe3 43. Qb2+ Kh7 44. h3 Re1+ 45. Kh2 Qd6+ 46. g3 Qd5 47. Rg2 Qd1 48. g4 Rh1+ 49. Kg3 Qd3+ 50. Kf4 g5+ 51. Ke5 Re1+ 52. Kf6 Qf3# {[%emt 0:00:15] Ke5} 0-1

[Event "2017 South African Open Ch"]
[Site "Durban"]
[Date "2017.07.18"]
[Round "7"]
[White "Solomons, Deon"]
[Black "Subke, Jason James"]
[Result "1-0"]
[ECO "A06"]
[WhiteElo "2120"]
[BlackElo "1932"]
[Annotator "NA"]
[PlyCount "73"]
[EventDate "2017.??.??"]
[EventCountry "RSA"]
[SourceTitle "playchess.com"]
[Source "ChessBase"]
[SourceQuality "1"]
[TimeControl "5400+30"]

1. Nf3 d5 2. g3 Nf6 3. Bg2 c6 4. O-O Bf5 5. d3 Nbd7 6. Nbd2 e5 7. Qe1 Bg6 8. e4 dxe4 9. dxe4 Bc5 10. Nh4 Qe7 11. a4 O-O 12. Nb3 Bd6 13. Bg5 Qe6 14. Qe2 Nc5 15. Nd2 a5 16. f3 Rfe8 17. Rfd1 Rad8 18. Bf1 Bc7 19. Qf2 b6 20. Be2 Rd7 21. Be3 Red8 22. Nxg6 hxg6 23. b3 Qe7 24. Nc4 Rxd1+ 25. Rxd1 Rxd1+ 26. Bxd1 Nfd7 27. Qd2 Qe6 28. Be2 Kh7 29. Bf1 f5 30. Bh3 Qf6 31. Bg5 Qe6 32. Ne3 Qf7 33. exf5 gxf5 34. Bxf5+ g6 35. Bxd7 Nxd7 36. Ng4 Qf5 37. Qxd7+ 1-0

[Event "2017 South African Open Ch"]
[Site "Durban"]
[Date "2017.07.18"]
[Round "7"]
[White "Bhawoodien, Mohamed Ozayr"]
[Black "Pon, Matt"]
[Result "1/2-1/2"]
[ECO "E90"]
[WhiteElo "2103"]
[BlackElo "2163"]
[Annotator "NA"]
[PlyCount "76"]
[EventDate "2017.??.??"]
[EventCountry "RSA"]
[SourceTitle "playchess.com"]
[Source "ChessBase"]
[SourceQuality "1"]
[TimeControl "5400+30"]

1. d4 Nf6 2. c4 g6 3. Nc3 Bg7 4. e4 d6 5. Nf3 O-O 6. h3 e5 7. d5 a5 8. Bg5 Na6 9. Nd2 Qe8 10. Be2 Nd7 11. a3 {[%emt 0:00:34] E92: King's Indian: Classical: 6 Be2 e5: 7 dxe5, 7 Be3 and Petrosian System without 7...Nbd7} h6 12. Bh4 Nac5 $146 ({Predecessor:} 12... Nb6 13. g4 a4 14. f3 Nc5 15. Qc2 c6 16. Bf2 Bd7 17. O-O-O cxd5 18. exd5 f5 {1-0 (51) Movsesian,S (2698)-Grischuk,A (2763) Istanbul 2012}) 13. b4 axb4 14. axb4 Rxa1 15. Qxa1 Na6 16. Qa3 f5 17. f3 Bf6 18. Bf2 Qe7 19. Nb3 Bh4 20. g3 Bf6 21. c5 Nab8 22. Qa4 (22. h4 $16) 22... f4 23. h4 fxg3 24. Bxg3 dxc5 25. Bc4 Kh7 26. bxc5 Nxc5 27. Nxc5 Qxc5 28. Bf2 Qe7 29. h5 g5 30. Bf1 Bg7 31. Bh3 Bxh3 ({Weaker is} 31... Rxf3 32. Bxc8 Rxc3 33. O-O $11) 32. Rxh3 Nd7 33. Nd1 {[%emt 0:03:27] [#]} Rf6 (33... c6 $142 $1 34. Qc4 (34. dxc6 Qe6) 34... cxd5 35. exd5 Kh8) 34. Kf1 (34. Qb3 $17) 34... Nb6 (34... Qf7 $17 35. Ne3 Ra6) 35. Qc2 Qd7 36. Kg2 Nc8 37. Ne3 $11 Ra6 38. Rh1 Rf6 1/2-1/2

[Event "2017 South African Open Ch"]
[Site "Durban"]
[Date "2017.07.18"]
[Round "7"]
[White "Govindasamy, Nashlen"]
[Black "Mpya, Tshediso M"]
[Result "0-1"]
[ECO "D11"]
[WhiteElo "2087"]
[BlackElo "1897"]
[Annotator "NA RC"]
[PlyCount "108"]
[EventDate "2017.??.??"]
[EventCountry "RSA"]
[SourceTitle "playchess.com"]
[Source "ChessBase"]
[SourceQuality "1"]
[TimeControl "5400+30"]

1. d4 d5 2. c4 c6 3. Nf3 Nf6 4. e3 a6 5. Nbd2 Bg4 {[%emt 0:01:17] D11: Slav Defence: 3 Nf3 sidelines and 3...Nf6 4 e3 Bg4} (5... Bf5 6. Nh4 Be4 7. Qb3 Ra7 8. Nxe4 dxe4 9. Nf5 e6 10. Ng3 c5 11. dxc5 Nbd7 12. Qa4 Bxc5 13. Bd2 O-O {½-½ (31) Kovalyov,A (2643)-Erenburg,S (2550) Medellin 2017}) 6. h3 Bf5 7. Be2 h6 $146 ({Predecessor:} 7... e6 8. O-O Nbd7 9. Nh4 Bg6 10. Nxg6 hxg6 11. b3 Bd6 12. Bb2 Qe7 13. Qc2 {1-0 (40) Elkin,L (2191)-Gagic,M (1880) Budva 2009}) 8. O-O e6 9. Ne5 Bd6 10. f4 O-O 11. c5 Bc7 12. b4 Ne4 13. Nxe4 Bxe4 14. Bd2 f6 15. Ng4 Nd7 16. a4 Qe8 17. Nf2 Bg6 18. b5 e5 19. bxc6 bxc6 20. Bg4 f5 21. Bf3 exf4 22. exf4 Nf6 23. Nd3 Ne4 24. Ne5 Bxe5 25. fxe5 Rb8 26. Be2 Rb2 27. Be1 Qe7 28. Rb1 Rfb8 29. Rxb2 Rxb2 30. Bf3 Qg5 31. Bxe4 fxe4 32. Rf2 $1 Rb8 33. Qg4 (33. Rf1 $15) 33... Qxg4 34. hxg4 Rb1 35. Rf1 e3 36. Bh4 Rb2 37. Re1 Be4 38. Rxe3 Rxg2+ 39. Kf1 Rxg4 40. Bf2 Kf7 41. Rg3 $2 (41. Ke2 $17) 41... Rxg3 42. Bxg3 g5 43. Be1 Bf5 44. Kf2 h5 45. Bd2 Kg6 46. Ba5 h4 47. Bd8 Kh5 48. a5 $19 g4 49. Kg2 g3 50. e6 Bxe6 51. Kf3 Bf5 52. Bc7 Be4+ 53. Ke2 Kg4 54. Bd6 h3 0-1

[Event "2017 South African Open Ch"]
[Site "Durban"]
[Date "2017.07.18"]
[Round "7"]
[White "Bhawoodien, Shabir Hussain"]
[Black "Abrantes, Persson"]
[Result "0-1"]
[ECO "E80"]
[WhiteElo "2066"]
[BlackElo "2003"]
[Annotator "NA RC"]
[PlyCount "116"]
[EventDate "2017.??.??"]
[EventCountry "RSA"]
[SourceTitle "playchess.com"]
[Source "ChessBase"]
[SourceQuality "1"]
[TimeControl "5400+30"]

1. e4 g6 2. d4 d6 3. c4 Bg7 4. Nc3 Nf6 5. f3 Nc6 6. Nge2 O-O 7. Be3 e5 8. d5 Na5 9. Nc1 {[%emt 0:04:28] E85: King's Indian: Sämisch: 6...e5} b6 (9... c5 10. g4 a6 11. h4 Bd7 12. h5 b5 13. Qd2 Rb8 14. Rb1 Rb7 15. Bd3 Qb8 16. Kf2 bxc4 {0-1 (62) Riemersma,L (2426)-Zhou,Y (2437) Amsterdam 2013}) 10. b4 Nb7 11. Nd3 Nh5 12. g4 $146 ({Predecessor:} 12. c5 bxc5 13. bxc5 dxc5 14. Nxc5 f5 15. Nxb7 Bxb7 16. Rb1 Bc8 {1-0 (32) Plichta,K (2257)-Kowalczyk,M (1655) Poznan 2014}) 12... Nf4 13. Nxf4 exf4 14. Bd4 Qh4+ 15. Ke2 a5 16. Bxg7 Kxg7 17. a3 Bd7 18. Bg2 Rfe8 19. Qe1 Qf6 20. Qd2 g5 21. Kd3 axb4 22. axb4 b5 23. Qf2 bxc4+ 24. Kxc4 (24. Kc2 $142) 24... c5 25. dxc6 Qe6+ 26. Nd5 Bxc6 27. Qd4+ f6 28. Kd3 Rec8 (28... Bxd5 $5 29. Qxd5 Qd7 $11) 29. Rxa8 (29. Rhc1 $5 Nd8 30. Kd2 $15 (30. Ra7+ $2 Rxa7 31. Qxa7+ Nf7 $19)) 29... Rxa8 30. Rc1 Nd8 31. Kd2 $1 Ra2+ 32. Rc2 Bxd5 33. Qxd5 Rxc2+ 34. Kxc2 Qc8+ 35. Kb3 Qa6 36. Qc4 Qa1 37. Qf1 Qd4 38. Qc4 Qf2 39. Qc2 Qe3+ 40. Qc3 Qg1 41. Qc2 Ne6 42. Qd2 Qb1+ 43. Ka4 Qa1+ ({Better is} 43... Nc7 $17 44. Ka5 Qg1) 44. Kb5 Qe5+ 45. Kc4 Nc7 46. Qd4 Qb5+ 47. Kb3 Qa6 48. Qc3 Nb5 49. Qb2 Qb6 50. Qd2 Kf7 51. Bf1 Nd4+ 52. Ka3 Ke7 $15 ({Better is} 52... Nxf3 $17 53. Qd5+ Kg7) 53. Bc4 (53. Qc3 $142) 53... Kd8 54. Qd3 Kc7 55. e5 Qa7+ 56. Kb2 fxe5 57. Qxh7+ Kb6 58. Qg6 Qc7 0-1

[Event "2017 South African Open Ch"]
[Site "Durban"]
[Date "2017.07.18"]
[Round "7"]
[White "Oberholzer, Francois"]
[Black "Salimu, Reuben"]
[Result "1-0"]
[ECO "C77"]
[WhiteElo "2046"]
[BlackElo "1968"]
[Annotator "NA RC"]
[PlyCount "71"]
[EventDate "2017.??.??"]
[EventCountry "RSA"]
[SourceTitle "playchess.com"]
[Source "ChessBase"]
[SourceQuality "1"]
[TimeControl "5400+30"]

1. e4 e5 2. Nf3 Nc6 3. Bb5 a6 4. Ba4 Nf6 5. d3 d6 6. c3 Be7 7. O-O O-O 8. Re1 h6 9. Nbd2 Nh7 {[%emt 0:02:24] C84: Closed Ruy Lopez: Unusual White 6th moves} (9... Re8 10. Nf1 Bf8 11. Ng3 b5 12. Bb3 Na5 13. Bc2 c5 14. d4 cxd4 15. cxd4 exd4 16. Nxd4 Bb7 17. Bf4 Rc8 18. Rc1 g5 19. Bd2 Nc4 20. Bc3 d5 21. Ndf5 b4 22. Bd4 dxe4 {1-0 (55) Oparin,G (2597)-Fedoseev,V (2665) Kolomna 2016}) 10. d4 b5 11. Bb3 Bf6 12. Bd5 Bd7 13. dxe5 dxe5 14. Nb3 a5 $146 ({Predecessor:} 14... Qe7 15. Be3 Rfd8 16. Qc2 Ng5 17. Nxg5 Bxg5 {½-½ (30) Babaev,R (2468)-Marholev,D (2401) Tournefeuille 2008}) 15. Be3 a4 16. Nc5 Rb8 17. Qe2 Qc8 18. Rad1 Be8 19. a3 Ne7 20. Ba2 Bc6 21. Nd3 Ng6 22. Bc5 Rd8 23. h4 Rxd3 (23... Re8 $14) 24. Qxd3 ({And not} 24. Rxd3 Nf4 $11) 24... Nf4 25. Qf1 Qg4 $16 26. Bd5 Bxd5 27. exd5 e4 28. Nh2 Qxh4 29. g3 Nh3+ 30. Kg2 Qh5 31. Qe2 Qxe2 32. Rxe2 N3g5 33. Ng4 Bd8 34. Ne5 Nf6 35. Nc6 Rc8 36. Be7 1-0

[Event "2017 South African Open Ch"]
[Site "Durban"]
[Date "2017.07.18"]
[Round "7"]
[White "Skosana, Stephen K"]
[Black "Mazibuko, Khanya"]
[Result "1/2-1/2"]
[ECO "A05"]
[WhiteElo "2027"]
[BlackElo "1808"]
[Annotator "NA RC"]
[PlyCount "75"]
[EventDate "2017.??.??"]
[EventCountry "RSA"]
[SourceTitle "playchess.com"]
[Source "ChessBase"]
[SourceQuality "1"]
[TimeControl "5400+30"]

1. Nf3 Nf6 2. b3 g6 3. Bb2 Bg7 4. c4 d6 5. g3 O-O 6. Bg2 Nc6 {[%emt 0:02:45] A15: English Opening: 1...Nf6} (6... e5 7. O-O Nbd7 8. Nc3 Re8 9. e3 c6 10. d4 e4 11. Nd2 d5 12. f3 exf3 13. Qxf3 Nb6 14. c5 Bg4 15. Qf4 Nbd7 16. e4 Be6 17. exd5 Nxd5 18. Nxd5 cxd5 19. b4 Nf6 20. Rae1 Qd7 21. Nf3 {0-1 (51) Malakhov,V (2713)-Amonatov,F (2620) Doha 2016}) 7. O-O Rb8 8. Nc3 a6 9. Rc1 Ne4 $146 ({Predecessor:} 9... e5 10. h3 Re8 11. d3 Bd7 12. Qd2 Nd4 13. Nd5 Nxf3+ 14. exf3 Nxd5 15. cxd5 {0-1 (26) Belov,N (2108)-Al Modiahki,M (2568) St Petersburg 2013}) 10. d3 Nxc3 11. Bxc3 Bxc3 12. Rxc3 e5 13. a3 Qf6 14. Nd2 h5 15. Rc1 Kg7 16. b4 h4 17. Ne4 Qe7 18. Nc3 Be6 19. e3 Qd7 20. Nd5 Rh8 21. d4 Bh3 ({Black should play} 21... Rbe8 $11) 22. Bxh3 Qxh3 23. g4 f5 24. gxf5 gxf5 (24... Qxf5 $14 25. dxe5 (25. Nxc7 Rhc8 $14) 25... dxe5) 25. Kh1 Rbg8 26. Qe2 ({But not} 26. Nxc7 $2 Kf7 $19) 26... f4 {[%emt 0:04:12] [#]} 27. f3 $18 ({But not} 27. Nxc7 $2 f3 $19) 27... fxe3 28. dxe5 dxe5 29. Qxe3 Kf7 30. Rf2 Rg3 31. Qe4 Rhg8 32. Ne3 R3g6 33. Ng4 Rd8 34. b5 Rgd6 35. Rff1 Rd2 36. f4 R8d4 37. fxe5+ Kg7 38. Rf7+ 1/2-1/2